 Dungeon Crawl Stone Soup version 0.14-a0-1707-g75daffb (webtiles) character file.

356 HollowCharge the Slasher (level 5, 0/41 HPs)
             Began as a Djinni Gladiator on Dec 31, 2013.
             Slain by an ogre
             ... wielding a +0,+0 giant club
              (13 damage)
             ... on Level 4 of the Dungeon.
             The game lasted 00:21:31 (3761 turns).

HollowCharge the Slasher (Djinni Gladiator)         Turns: 3761, Time: 00:21:31

HP   0/41        AC 10     Str 18      XL: 5   Next: 81%
MP   0/0         EV  8     Int  8      God:
Gold 114         SH  0     Dex 13      Spells:  0 memorised,  4 levels left

rFire  + + +     SeeInvis .     a - +1 falchion
rCold  . . .     Clarity  .     e - +2 dwarf scale mail
rNeg   + + +     Conserve .     (no shield)
rPois  .         rCorr    .     c - +0 helmet
rElec  .         rRot     .     (no cloak)
SustAb . .       Spirit   .     (no gloves)
rMut   .         Warding  .     (boots unavailable)
Saprov . . .     Stasis   .     (no amulet)
                                h - ring of protection from cold {unknown}
                                f - +1 ring of strength

@: flying, slightly resistant to hostile enchantments, extremely unstealthy
A: fire immunity, cold vulnerability, life protection 3
a: no special abilities


You were on level 4 of the Dungeon.
You were not hungry.

You visited 1 branch of the dungeon, and saw 4 of its levels.

You collected 114 gold pieces.

Inventory:

Hand weapons
 a - a +1,+1 falchion (weapon)
Armour
 b - a +0 leather armour
 c - a +0 helmet (worn)
 e - a +2 dwarven scale mail (worn)
Scrolls
 g - 5 scrolls of remove curse
 i - a scroll of curse jewellery {unknown}
Jewellery
 f - a +1 ring of strength (left hand)
 h - a ring of protection from cold (right hand) {unknown}
Potions
 d - 2 potions of invisibility
Books
 p - a book of Transfigurations

   Spells                             Type                      Level
   Stoneskin                          Transmutation/Earth          2
   Ice Form                           Ice/Transmutation            4
   Statue Form                        Transmutation/Earth          6
   Dragon Form                        Transmutation                7


   Skills:
 * Level 3.2 Fighting
 * Level 4.6 Long Blades
 - Level 1.7 Throwing
 + Level 2.1 Armour
 + Level 3.6 Dodging


You had 4 spell levels left.
You didn't know any spells.

Dungeon Overview and Level Annotations

Branches:
Dungeon (4/16)
 Temple: D:4-7

Altars:
Elyvilon
Okawaru
Yredelemnul


Innate Abilities, Weirdness & Mutations

You are immune to all types of fire, even holy and hellish.
You are vulnerable to cold.
You need no food.
You have no legs.
You are immune to negative energy.


Message History

There is a stone staircase leading down here.
You fly downwards.
There is a stone staircase leading up here.
The ogre shouts!
The ogre completely misses you.
You slash the ogre!
The ogre is moderately wounded.
The ogre hits you with a giant club!
You slash the ogre!
The ogre is heavily wounded.
The ogre closely misses you.
You hit the ogre.
The ogre is severely wounded.
You slash the ogre!
The ogre is almost dead.
The ogre hits you with a giant club!
You barely miss the ogre.
The ogre is almost dead.
The ogre hits you with a giant club!
You die...

...................###.........[.
....................#............
.................................
.................................
.................................
.(...............................
............<....................
.................................
................@O...............
....................#............
..#......#...[.....#...%.........
#.#.#....#.....#....#......###...
############################ ####


You could see an ogre.

Vanquished Creatures
  3 worker ants
  An iguana (D:4)
  4 gnolls (D:4)
  2 adders
  A giant mite (D:2)
  A worm (D:2)
  6 orcs
  A ball python (D:3)
  10 bats
  2 giant cockroaches
  6 hobgoblins
  4 jackals (D:3)
  3 giant geckos
  6 giant newts
  11 goblins
  4 kobolds
  8 rats
73 creatures vanquished.

Notes
Turn   | Place    | Note
--------------------------------------------------------------
     0 | D:1      | HollowCharge, the Djinni Gladiator, began the quest for the Orb.
     0 | D:1      | Reached XP level 1. HP: 15/15 MP: 0/0
   462 | D:1      | Reached XP level 2. EP: 11/21
   889 | D:2      | Reached skill level 1 in Armour
  1095 | D:2      | Reached XP level 3. EP: 27/27
  1674 | D:2      | Found an iron altar of Okawaru.
  1676 | D:2      | Found a white marble altar of Elyvilon.
  1678 | D:2      | Found a basalt altar of Yredelemnul.
  1911 | D:3      | Reached XP level 4. EP: 29/34
  2015 | D:3      | Noticed an ice beast
  2489 | D:4      | Reached skill level 4 in Long Blades
  2570 | D:4      | Noticed a phantom
  2845 | D:4      | Reached XP level 5. EP: 21/41
  3018 | D:4      | Noticed an ogre
  3506 | D:4      | Noticed an ogre
  3761 | D:4      | Slain by an ogre

Action                   |  1- 3 |  4- 6 || total
-------------------------+-------+-------++-------
Melee: Falchion          |   149 |   177 ||   326
Throw: Throwing net      |     4 |     7 ||    11
  Use: Scroll            |       |    12 ||    12
 Stab: Held in net/web   |       |     3 ||     3
